Checkers 1 vs Stars

Created - 3 février 2024 at 09:36

Goals
1 2 3 T
Checkers 1 1 1 1 3
Stars 0 0 1 1
Shots
1 2 3 T
Checkers 1 7 1 10 18
Stars 6 4 8 18

GoalsPenalties
1st period
1. Checkers 1 , Jack Finley 9 (Karson Kuhlman 3, Devante Stephens 8) at 1:56
Givani Smith (FLO) for Tripping (Minor) at 9:47
Maxence Guenette (FLO) for Tripping (Minor) at 12:08
2nd period
2. Checkers 1 , Semyon Der-Arguchintsev 15 (Givani Smith 25, Tobias Bjornfot 12) at 0:33
No Penalty
3rd period
3. Checkers 1 , Austin Poganski 17 (Sean Day 19, Tobias Bjornfot 13) at 17:32 (SH)
4. Stars , Joona Koppanen 3 (Jesper Froden 16, Ilya Solovyov 5) at 19:52
Austin Poganski (FLO) for Roughing (Double Minor) at 0:59
Givani Smith (FLO) for High sticking (Minor) at 17:22
Goalie Stats
Kevin Poulin (FLO), 17 saves from 18 shots - (0,944), W, 21-15-4, 60:00 minutes
Dustin Tokarski (DAL), 15 saves from 18 shots - (0,833), L, 40-22-12, 60:00 minutes
3 StarsOfficial
1 - Jack Finley (FLO)
2 - Semyon Der-Arguchintsev (FLO)
3 - Tobias Bjornfot (FLO)
Referees : Francis Charron and Laura White
Linesman : Dan Kelly and Anna Hammar
Game Note
No Game Note



Team Name Goals Shots Shots Attemp Shots Blocked PIM HIT PP PK FO%
Checkers 1 31834410220 / 0 (0%047%
Stars 1183130160 / 5 (0%)053%

Checkers 1
Player Name POS G A P +/- PIM HIT SHT SB MP PP MP PP SHT PK MP PK SHT FO% FOT GA TA
Alex GreenD0000000015:140:0002:0500% 000
Austin PoganskiRW1011413020:550:0003:12133% 602
Axel AnderssonD0000010112:170:0000:0000% 000
Bobby TrivignoLW0001005019:300:0004:4400% 100
Chase PriskieD0001010016:380:0002:0100% 000
Devante StephensD0111010117:420:0003:0700% 000
Givani SmithLW/RW0110411019:390:0001:3500% 101
Isaak PhillipsD000000001:210:0000:0000% 000
Jack FinleyC1011033015:410:0000:00040% 1000
Karson KuhlmanRW0111020119:120:0000:00050% 800
Luke HenmanC000000002:460:0001:0700% 000
Martin ChromiakRW0001031018:040:0002:570100% 200
Maxence GuenetteD0000200014:120:0002:3900% 000
Pavel DorofeyevC000-1012015:310:0002:29060% 500
Pierre-Cedric LabrieLW0001040019:000:0003:1300% 000
Sean DayD0110011021:420:0004:5000% 001
Semyon Der-ArguchintsevC1011021013:290:0000:08060% 500
Tobias BjornfotD0221011127:070:0005:3700% 030
Stars
Player Name POS G A P +/- PIM HIT SHT SB MP PP MP PP SHT PK MP PK SHT FO% FOT GA TA
Calle RosenD000-2011124:305:5100:0000% 020
Chris TerryC/LW/RW000-2023022:305:1910:00068% 2200
Cole MaierC000100002:160:2800:0000% 000
Drake CaggiulaLW/RW0000013017:213:0900:0000% 000
Eddie WittchowD0001000014:360:2200:0000% 001
Ethan ProwD000-1010020:543:4300:0000% 000
Ethen FrankRW000-1020016:030:1600:0000% 020
Ilya SolovyovD0111002014:360:2200:0000% 000
Jayson MegnaC/LW/RW000-2001022:535:2400:0000% 001
Jesper FrodenRW0111023016:102:5100:0000% 200
Joona KoppanenC/LW1011013014:481:3600:0000% 101
Kevin ConnautonD000-2001024:305:5100:0000% 000
Martin FrkRW000-2000017:335:2900:0000% 100
Nikita NesterenkoC/LW000-1020016:110:4000:0000% 000
Peetro SeppalaD000000000:000:0000:0000% 000
Riley SheahanC/LW0000031017:073:1000:00050% 400
Ryan SheaD000-1000220:543:4300:0000% 000
Zac DalpeC/RW000-1010017:081:2600:00038% 800

Checkers 1

5 vs 5 Forward
Line #Left WingCenterRight WingPHYDFOFWanted %Time %Time Play
1Bobby TrivignoKarson KuhlmanAustin Poganski1224028%14:03
2Pierre-Cedric LabrieJack FinleyKarson Kuhlman1223034%16:47
3Givani SmithSemyon Der-ArguchintsevMartin Chromiak1222027%13:18
4Givani SmithPavel DorofeyevAustin Poganski1221012%5:56
5 vs 5 Defense
Line #DefenseDefensePHYDFOFWanted %Time %Time Play
1Tobias BjornfotSean Day1224033%16:37
2Tobias BjornfotMaxence Guenette1223023%11:34
3Chase PriskieDevante Stephens1222022%11:13
4Alex GreenAxel Andersson1221021%10:40
Power Play Forward
Line #Left WingCenterRight WingPHYDFOFWanted %Time %Time Play
1Bobby TrivignoMartin ChromiakAustin Poganski104600%0:00
2Pierre-Cedric LabrieJack FinleyBobby Trivigno122400%0:00
Power Play Defense
Line #DefenseDefensePHYDFOFWanted %Time %Time Play
1Tobias BjornfotSean Day122600%0:00
2Tobias BjornfotMaxence Guenette122400%0:00
Penalty Kill 4 Players Forward
Line #CenterWingPHYDFOFWanted %Time %Time Play
1Austin PoganskiBobby Trivigno1226086%8:35
2Bobby TrivignoPierre-Cedric Labrie1224014%1:21
Penalty Kill 4 Players Defense
Line #DefenseDefensePHYDFOFWanted %Time %Time Play
1Tobias BjornfotSean Day1226061%6:04
2Tobias BjornfotMaxence Guenette1224039%3:52
Penalty Kill 3 Players
Line #WingPHYDFOFWanted %Time %Time PlayDefenseDefensePHYDFOFWanted %Time %Time Play
1Bobby Trivigno122600%0:00 Tobias BjornfotSean Day122600%0:00
2Bobby Trivigno122400%0:00 Tobias BjornfotMaxence Guenette122400%0:00
4 vs 4 Forward
Line #CenterWingPHYDFOFWanted %Time %Time Play
1Austin PoganskiBobby Trivigno122600%0:00
2Bobby TrivignoPierre-Cedric Labrie122400%0:00
4 vs 4 Defense
Line #DefensePHYDFOFWanted %Time %Time Play
1Tobias BjornfotSean Day122600%0:00
2Sean DayMaxence Guenette122400%0:00
Last Minutes Offensive
Left WingCenterRight WingDefenseDefense
Bobby TrivignoKarson KuhlmanAustin PoganskiTobias BjornfotSean Day
Last Minutes Defensive
Left WingCenterRight WingDefenseDefense
Bobby TrivignoKarson KuhlmanAustin PoganskiTobias BjornfotSean Day
Time
Total ForwardTotal DefenseLast Minutes OffensiveLast Minutes Defensive
60:00 60:00 0:000:00
Extra Forwards
Normal PowerPlayPenalty Kill
Martin Chromiak, Bobby Trivigno, Pavel DorofeyevMartin Chromiak, Bobby TrivignoMartin Chromiak
Extra Defensemen
Normal PowerPlayPenalty Kill
Devante Stephens, Alex Green, Axel AnderssonDevante Stephens, Devante StephensAlex Green
Penalty Shots
Karson Kuhlman, Austin Poganski, Bobby Trivigno, Semyon Der-Arguchintsev, Martin Chromiak
Goalie
Kevin Poulin, Nolan Maier
Scratches
Mitchell Stephens (Healthy), Mason Millman (Healthy), Andrei Bakanov (Healthy), Dmitry Ovchinnikov (Healthy), Mikael Pyyhtia (Healthy) Ryan Bednard (Healthy), Tommy Nappier (Healthy)

Stars

5 vs 5 Forward
Line #Left WingCenterRight WingPHYDFOFWanted %Time %Time Play
1Jayson MegnaChris TerryMartin Frk1224020%9:47
2Drake CaggiulaRiley SheahanJayson Megna1223028%14:15
3Joona KoppanenChris TerryJesper Froden1222021%10:41
4Nikita NesterenkoZac DalpeEthen Frank1221031%15:21
5 vs 5 Defense
Line #DefenseDefensePHYDFOFWanted %Time %Time Play
1Calle RosenKevin Connauton1224038%18:49
2Ethan ProwRyan Shea1223534%17:11
3Ilya SolovyovEddie Wittchow1222528%14:04
4Calle RosenKevin Connauton12200%0:00
Power Play Forward
Line #Left WingCenterRight WingPHYDFOFWanted %Time %Time Play
1Jayson MegnaChris TerryMartin Frk1226070%6:58
2Chris TerryRiley SheahanJayson Megna1224030%2:58
Power Play Defense
Line #DefenseDefensePHYDFOFWanted %Time %Time Play
1Calle RosenKevin Connauton1226063%6:13
2Ethan ProwRyan Shea1224037%3:43
Penalty Kill 4 Players Forward
Line #CenterWingPHYDFOFWanted %Time %Time Play
1Chris TerryJayson Megna122600%0:00
2Riley SheahanChris Terry122400%0:00
Penalty Kill 4 Players Defense
Line #DefenseDefensePHYDFOFWanted %Time %Time Play
1Calle RosenKevin Connauton122600%0:00
2Ethan ProwRyan Shea122400%0:00
Penalty Kill 3 Players
Line #WingPHYDFOFWanted %Time %Time PlayDefenseDefensePHYDFOFWanted %Time %Time Play
1Chris Terry122600%0:00 Calle RosenKevin Connauton122600%0:00
2Riley Sheahan122400%0:00 Ethan ProwRyan Shea122400%0:00
4 vs 4 Forward
Line #CenterWingPHYDFOFWanted %Time %Time Play
1Chris TerryJayson Megna122600%0:00
2Riley SheahanChris Terry122400%0:00
4 vs 4 Defense
Line #DefensePHYDFOFWanted %Time %Time Play
1Calle RosenKevin Connauton122600%0:00
2Ethan ProwRyan Shea122400%0:00
Last Minutes Offensive
Left WingCenterRight WingDefenseDefense
Jayson MegnaChris TerryMartin FrkCalle RosenKevin Connauton
Last Minutes Defensive
Left WingCenterRight WingDefenseDefense
Jayson MegnaChris TerryMartin FrkCalle RosenKevin Connauton
Time
Total ForwardTotal DefenseLast Minutes OffensiveLast Minutes Defensive
60:00 60:00 0:000:00
Extra Forwards
Normal PowerPlayPenalty Kill
Chris Terry, Jesper Froden, Ethen FrankChris Terry, Jesper FrodenChris Terry
Extra Defensemen
Normal PowerPlayPenalty Kill
Ryan Shea, Ilya Solovyov, Eddie WittchowRyan Shea, Ryan SheaIlya Solovyov
Penalty Shots
Jayson Megna, Chris Terry, Drake Caggiula, Martin Frk, Riley Sheahan
Goalie
Dustin Tokarski, Anton Khudobin
Scratches
Joel L'Esperance (Healthy), Jimmy Huntington (Healthy), Adam Brooks (Healthy), Josh Melnick (Healthy), Austin Wagner (Healthy) Joseph Cecconi (Healthy), Sam Anas (Healthy), Zach Senyshyn (Healthy), Cameron Crotty (Healthy), Byron Froese (Healthy) Felix Robert (Healthy), Justin Brazeau (Healthy), Cole Clayton (Healthy), Marc McLaughlin (Healthy), Tyler Inamoto (Healthy) Matthew Murray (Healthy)


Play-by-Play

1st period


0:01 of 1st period - Chris Terry wins face-off versus Austin Poganski in neutral zone.
0:13 of 1st period - Icing by Tobias Bjornfot.
0:14 of 1st period - Riley Sheahan wins face-off versus Karson Kuhlman in Checkers 1 zone.
0:39 of 1st period - Austin Poganski is hit by Nikita Nesterenko.
0:47 of 1st period - Wrist shot by Bobby Trivigno.
0:47 of 1st period - Stopped by Dustin Tokarski with a rebound.
0:49 of 1st period - Slapshot by Tobias Bjornfot.
0:49 of 1st period - Stopped by Dustin Tokarski without a rebound.
0:50 of 1st period - Martin Chromiak wins face-off versus Jesper Froden in Stars zone.
0:54 of 1st period - Icing by Eddie Wittchow.
0:55 of 1st period - Semyon Der-Arguchintsev wins face-off versus Chris Terry in Stars zone.
1:31 of 1st period - Icing by Chase Priskie.
1:32 of 1st period - Chris Terry wins face-off versus Jack Finley in Checkers 1 zone.
1:39 of 1st period - Chris Terry is hit by Jack Finley and loses puck.
1:52 of 1st period - Snap shot by Jack Finley.
1:52 of 1st period - Stopped by Dustin Tokarski with a rebound.
1:54 of 1st period - Snap shot by Karson Kuhlman.
1:54 of 1st period - Shot Misses the Net.
1:56 of 1st period - Wrist shot by Jack Finley.
1:56 of 1st period - Goal by Jack Finley - Checkers 1 : 1 - Stars : 0.
1:57 of 1st period - Pavel Dorofeyev wins face-off versus Chris Terry in neutral zone.
2:21 of 1st period - Icing by Givani Smith.
2:22 of 1st period - Jack Finley wins face-off versus Zac Dalpe in Checkers 1 zone.
2:29 of 1st period - Slapshot by Jack Finley.
2:29 of 1st period - Stopped by Dustin Tokarski with a rebound.
2:35 of 1st period - Ethen Frank is hit by Karson Kuhlman.
2:49 of 1st period - Semyon Der-Arguchintsev is hit by Riley Sheahan and loses puck.
3:00 of 1st period - Snap shot by Drake Caggiula.
3:00 of 1st period - Stopped by Kevin Poulin with a rebound.
4:49 of 1st period - Off-side.
4:50 of 1st period - Riley Sheahan wins face-off versus Pavel Dorofeyev in neutral zone.
5:27 of 1st period - Icing by Karson Kuhlman.
5:28 of 1st period - Chris Terry wins face-off versus Karson Kuhlman in Checkers 1 zone.
5:37 of 1st period - Snap shot by Jesper Froden.
5:37 of 1st period - Stopped by Kevin Poulin without a rebound.
5:38 of 1st period - Chris Terry wins face-off versus Pavel Dorofeyev in Checkers 1 zone.
5:47 of 1st period - Snap shot by Martin Frk.
5:47 of 1st period - Shot Misses the Net.
6:05 of 1st period - Eddie Wittchow is hit by Jack Finley and loses puck.
7:23 of 1st period - Nikita Nesterenko is hit by Martin Chromiak and loses puck.
7:53 of 1st period - Off-side.
7:54 of 1st period - Pavel Dorofeyev wins face-off versus Zac Dalpe in neutral zone.
8:22 of 1st period - Zac Dalpe is hit by Givani Smith and loses puck.
9:25 of 1st period - Wrist shot by Joona Koppanen.
9:25 of 1st period - Stopped by Kevin Poulin without a rebound.
9:26 of 1st period - Jack Finley wins face-off versus Chris Terry in Checkers 1 zone.
9:39 of 1st period - Snap shot by Chris Terry.
9:39 of 1st period - Deflect By Maxence Guenette.
9:39 of 1st period - Stopped by Kevin Poulin with a rebound.
9:41 of 1st period - Snap shot by Joona Koppanen.
9:41 of 1st period - Stopped by Kevin Poulin with a rebound.
9:47 of 1st period - Minor Penalty to Givani Smith for Tripping.
9:48 of 1st period - Austin Poganski wins face-off versus Chris Terry in Checkers 1 zone.
10:31 of 1st period - Austin Poganski is hit by Riley Sheahan and loses puck.
11:38 of 1st period - Icing by Martin Frk.
11:39 of 1st period - Pavel Dorofeyev wins face-off versus Joona Koppanen in Stars zone.
11:47 of 1st period - Penalty to Givani Smith is over, Givani Smith is back on ice.
11:51 of 1st period - Off-side.
11:52 of 1st period - Semyon Der-Arguchintsev wins face-off versus Zac Dalpe in neutral zone.
11:59 of 1st period - Wrist shot by Martin Chromiak.
11:59 of 1st period - Stopped by Dustin Tokarski without a rebound.
12:00 of 1st period - Chris Terry wins face-off versus Semyon Der-Arguchintsev in Stars zone.
12:08 of 1st period - Minor Penalty to Maxence Guenette for Tripping.
12:09 of 1st period - Austin Poganski wins face-off versus Chris Terry in Checkers 1 zone.
12:17 of 1st period - Snap shot by Chris Terry.
12:17 of 1st period - Stopped by Kevin Poulin without a rebound.
12:18 of 1st period - Chris Terry wins face-off versus Austin Poganski in Checkers 1 zone.
13:13 of 1st period - Martin Frk is hit by Martin Chromiak and loses puck.
14:08 of 1st period - Penalty to Maxence Guenette is over, Maxence Guenette is back on ice.
14:28 of 1st period - Snap shot by Pavel Dorofeyev.
14:28 of 1st period - Stopped by Dustin Tokarski without a rebound.
14:29 of 1st period - Karson Kuhlman wins face-off versus Zac Dalpe in Stars zone.
14:34 of 1st period - Wrist shot by Karson Kuhlman.
14:34 of 1st period - Shot Misses the Net.
16:00 of 1st period - Bobby Trivigno is hit by Nikita Nesterenko.
16:36 of 1st period - Snap shot by Jack Finley.
16:36 of 1st period - Shot Misses the Net.
19:33 of 1st period - Icing by Austin Poganski.
19:34 of 1st period - Zac Dalpe wins face-off versus Semyon Der-Arguchintsev in Checkers 1 zone.
Goals for this period are 1 for Checkers 1 vs 0 for Stars.
Shots for this period are 7 for Checkers 1 vs 6 for Stars.

2nd period


0:01 of 2nd period - Chris Terry wins face-off versus Karson Kuhlman in neutral zone.
0:04 of 2nd period - Slapshot by Martin Frk.
0:04 of 2nd period - Shot Misses the Net.
0:26 of 2nd period - Zac Dalpe is hit by Semyon Der-Arguchintsev and loses puck.
0:33 of 2nd period - Snap shot by Semyon Der-Arguchintsev.
0:33 of 2nd period - Goal by Semyon Der-Arguchintsev - Checkers 1 : 2 - Stars : 0.
0:34 of 2nd period - Chris Terry wins face-off versus Bobby Trivigno in neutral zone.
0:47 of 2nd period - Wrist shot by Jayson Megna.
0:47 of 2nd period - Shot Misses the Net.
0:49 of 2nd period - Wrist shot by Martin Frk.
0:49 of 2nd period - Shot Misses the Net.
1:22 of 2nd period - Snap shot by Pierre-Cedric Labrie.
1:22 of 2nd period - Deflect By Ryan Shea.
1:22 of 2nd period - Shot Misses the Net.
1:22 of 2nd period - Puck is out of play.
1:23 of 2nd period - Jack Finley wins face-off versus Riley Sheahan in Stars zone.
1:48 of 2nd period - Austin Poganski is hit by Chris Terry and loses puck.
1:53 of 2nd period - Snap shot by Chris Terry.
1:53 of 2nd period - Stopped by Kevin Poulin with a rebound.
2:26 of 2nd period - Snap shot by Jack Finley.
2:26 of 2nd period - Shot Blocked by Ryan Shea.
2:51 of 2nd period - Slapshot by Drake Caggiula.
2:51 of 2nd period - Stopped by Kevin Poulin with a rebound.
2:53 of 2nd period - Slapshot by Chris Terry.
2:53 of 2nd period - Shot Misses the Net.
2:55 of 2nd period - Snap shot by Kevin Connauton.
2:55 of 2nd period - Shot Blocked by Karson Kuhlman.
3:05 of 2nd period - Martin Chromiak is hit by Calle Rosen and loses puck.
4:09 of 2nd period - Devante Stephens is hit by Zac Dalpe and loses puck.
4:24 of 2nd period - Snap shot by Calle Rosen.
4:24 of 2nd period - Shot Blocked by Devante Stephens.
8:07 of 2nd period - Tobias Bjornfot is hit by Drake Caggiula.
8:33 of 2nd period - Kevin Connauton is hit by Devante Stephens and loses puck.
9:08 of 2nd period - Nikita Nesterenko is hit by Pierre-Cedric Labrie and loses puck.
11:21 of 2nd period - Jack Finley is hit by Joona Koppanen and loses puck.
11:52 of 2nd period - Jayson Megna is hit by Pavel Dorofeyev and loses puck.
12:21 of 2nd period - Kevin Connauton is hit by Sean Day and loses puck.
16:24 of 2nd period - Eddie Wittchow is hit by Tobias Bjornfot and loses puck.
16:47 of 2nd period - Drake Caggiula is hit by Pierre-Cedric Labrie and loses puck.
17:08 of 2nd period - Slapshot by Jayson Megna.
17:08 of 2nd period - Stopped by Kevin Poulin with a rebound.
17:22 of 2nd period - Snap shot by Drake Caggiula.
17:22 of 2nd period - Stopped by Kevin Poulin without a rebound.
17:23 of 2nd period - Chris Terry wins face-off versus Karson Kuhlman in Checkers 1 zone.
Goals for this period are 1 for Checkers 1 vs 0 for Stars.
Shots for this period are 1 for Checkers 1 vs 4 for Stars.

3rd period


0:01 of 3rd period - Karson Kuhlman wins face-off versus Chris Terry in neutral zone.
0:06 of 3rd period - Chris Terry is hit by Austin Poganski.
0:12 of 3rd period - Slapshot by Kevin Connauton.
0:12 of 3rd period - Shot Misses the Net.
0:14 of 3rd period - Slapshot by Calle Rosen.
0:14 of 3rd period - Stopped by Kevin Poulin with a rebound.
0:16 of 3rd period - Slapshot by Kevin Connauton.
0:16 of 3rd period - Stopped by Kevin Poulin without a rebound.
0:17 of 3rd period - Chris Terry wins face-off versus Jack Finley in Checkers 1 zone.
0:59 of 3rd period - Double Minor Penalty to Austin Poganski for Roughing.
1:00 of 3rd period - Martin Chromiak wins face-off versus Martin Frk in Checkers 1 zone.
2:23 of 3rd period - Pavel Dorofeyev is hit by Riley Sheahan.
3:33 of 3rd period - Sean Day is hit by Jesper Froden and loses puck.
4:59 of 3rd period - Penalty to Austin Poganski is over, Austin Poganski is back on ice.
5:57 of 3rd period - Kevin Connauton is hit by Axel Andersson and loses puck.
7:35 of 3rd period - Icing by Bobby Trivigno.
7:36 of 3rd period - Semyon Der-Arguchintsev wins face-off versus Jesper Froden in Checkers 1 zone.
7:41 of 3rd period - Slapshot by Devante Stephens.
7:41 of 3rd period - Deflect By Pavel Dorofeyev.
7:41 of 3rd period - Stopped by Dustin Tokarski without a rebound.
7:42 of 3rd period - Zac Dalpe wins face-off versus Givani Smith in Stars zone.
7:51 of 3rd period - Wrist shot by Nikita Nesterenko.
7:51 of 3rd period - Shot Blocked by Axel Andersson.
7:53 of 3rd period - Slapshot by Ilya Solovyov.
7:53 of 3rd period - Stopped by Kevin Poulin with a rebound.
7:55 of 3rd period - Snap shot by Zac Dalpe.
7:55 of 3rd period - Deflect By Nikita Nesterenko.
7:55 of 3rd period - Shot Misses the Net.
7:55 of 3rd period - Puck is out of play.
7:56 of 3rd period - Chris Terry wins face-off versus Jack Finley in Checkers 1 zone.
8:04 of 3rd period - Slapshot by Calle Rosen.
8:04 of 3rd period - Shot Misses the Net.
8:14 of 3rd period - Martin Frk is hit by Karson Kuhlman and loses puck.
8:29 of 3rd period - Snap shot by Martin Chromiak.
8:29 of 3rd period - Shot Misses the Net.
8:31 of 3rd period - Wrist shot by Sean Day.
8:31 of 3rd period - Shot Hit the Post.
8:33 of 3rd period - Wrist shot by Givani Smith.
8:33 of 3rd period - Shot Misses the Net.
8:35 of 3rd period - Wrist shot by Martin Chromiak.
8:35 of 3rd period - Shot Misses the Net.
8:37 of 3rd period - Slapshot by Sean Day.
8:37 of 3rd period - Stopped by Dustin Tokarski without a rebound.
8:38 of 3rd period - Karson Kuhlman wins face-off versus Zac Dalpe in Stars zone.
8:45 of 3rd period - Snap shot by Austin Poganski.
8:45 of 3rd period - Shot Blocked by Ryan Shea.
8:47 of 3rd period - Snap shot by Austin Poganski.
8:47 of 3rd period - Shot Misses the Net.
8:49 of 3rd period - Snap shot by Bobby Trivigno.
8:49 of 3rd period - Stopped by Dustin Tokarski without a rebound.
8:50 of 3rd period - Karson Kuhlman wins face-off versus Riley Sheahan in Stars zone.
8:55 of 3rd period - Wrist shot by Bobby Trivigno.
8:55 of 3rd period - Stopped by Dustin Tokarski with a rebound.
8:57 of 3rd period - Slapshot by Bobby Trivigno.
8:57 of 3rd period - Shot Misses the Net.
8:59 of 3rd period - Slapshot by Austin Poganski.
8:59 of 3rd period - Stopped by Dustin Tokarski with a rebound.
9:01 of 3rd period - Slapshot by Maxence Guenette.
9:01 of 3rd period - Shot Misses the Net.
9:03 of 3rd period - Snap shot by Bobby Trivigno.
9:03 of 3rd period - Stopped by Dustin Tokarski with a rebound.
9:05 of 3rd period - Slapshot by Austin Poganski.
9:05 of 3rd period - Stopped by Dustin Tokarski with a rebound.
9:15 of 3rd period - Ethan Prow is hit by Semyon Der-Arguchintsev and loses puck.
9:32 of 3rd period - Snap shot by Riley Sheahan.
9:32 of 3rd period - Stopped by Kevin Poulin without a rebound.
9:33 of 3rd period - Chris Terry wins face-off versus Jack Finley in Checkers 1 zone.
9:49 of 3rd period - Slapshot by Chris Terry.
9:49 of 3rd period - Shot Blocked by Tobias Bjornfot.
10:10 of 3rd period - Austin Poganski is hit by Ethen Frank and loses puck.
10:41 of 3rd period - Snap shot by Givani Smith.
10:41 of 3rd period - Shot Misses the Net.
12:47 of 3rd period - Icing by Chase Priskie.
12:48 of 3rd period - Zac Dalpe wins face-off versus Jack Finley in Checkers 1 zone.
12:55 of 3rd period - Zac Dalpe is hit by Chase Priskie and loses puck.
13:10 of 3rd period - Snap shot by Chris Terry.
13:10 of 3rd period - Shot Misses the Net.
13:36 of 3rd period - Semyon Der-Arguchintsev is hit by Ethen Frank and loses puck.
14:14 of 3rd period - Icing by Chris Terry.
14:15 of 3rd period - Chris Terry wins face-off versus Jack Finley in Stars zone.
14:31 of 3rd period - Semyon Der-Arguchintsev is hit by Ethan Prow and loses puck.
15:22 of 3rd period - Backhand shot by Bobby Trivigno.
15:22 of 3rd period - Stopped by Dustin Tokarski with a rebound.
15:24 of 3rd period - Slapshot by Devante Stephens.
15:24 of 3rd period - Shot Blocked by Calle Rosen.
15:42 of 3rd period - Kevin Connauton is hit by Pierre-Cedric Labrie and loses puck.
16:41 of 3rd period - Drake Caggiula is hit by Jack Finley and loses puck.
17:22 of 3rd period - Minor Penalty to Givani Smith for High sticking.
17:23 of 3rd period - Chris Terry wins face-off versus Austin Poganski in Checkers 1 zone.
17:30 of 3rd period - Slapshot by Sean Day.
17:30 of 3rd period - Shot Misses the Net.
17:32 of 3rd period - Wrist shot by Austin Poganski.
17:32 of 3rd period - Goal by Austin Poganski - Checkers 1 : 3 - Stars : 0.
17:33 of 3rd period - Chris Terry wins face-off versus Austin Poganski in neutral zone.
17:38 of 3rd period - Tobias Bjornfot is hit by Chris Terry and loses puck.
18:21 of 3rd period - Drake Caggiula is hit by Pierre-Cedric Labrie and loses puck.
18:30 of 3rd period - Sean Day is hit by Jesper Froden and loses puck.
19:09 of 3rd period - Ryan Shea is hit by Martin Chromiak and loses puck.
19:22 of 3rd period - Penalty to Givani Smith is over, Givani Smith is back on ice.
19:30 of 3rd period - Wrist shot by Givani Smith.
19:30 of 3rd period - Stopped by Dustin Tokarski with a rebound.
19:46 of 3rd period - Snap shot by Jesper Froden.
19:46 of 3rd period - Stopped by Kevin Poulin with a rebound.
19:48 of 3rd period - Slapshot by Ilya Solovyov.
19:48 of 3rd period - Stopped by Kevin Poulin with a rebound.
19:50 of 3rd period - Wrist shot by Jesper Froden.
19:50 of 3rd period - Stopped by Kevin Poulin with a rebound.
19:52 of 3rd period - Slapshot by Joona Koppanen.
19:52 of 3rd period - Goal by Joona Koppanen - Checkers 1 : 3 - Stars : 1.
19:53 of 3rd period - Jack Finley wins face-off versus Chris Terry in neutral zone.
Goals for this period are 1 for Checkers 1 vs 1 for Stars.
Shots for this period are 10 for Checkers 1 vs 8 for Stars.